 Dungeon Crawl Stone Soup version 0.30.1-11-g7821555f0a (webtiles) character file.

Game seed: 3676665105879218130

23 KyoPewz the Sneak (level 2, -1/11 HPs)
             Began as a Felid Enchanter on Jan 2, 2024.
             Slain by a hobgoblin (4 damage)
             ... on level 1 of the Dungeon.
             The game lasted 00:02:20 (545 turns).

KyoPewz the Sneak (Felid Enchanter)                  Turns: 545, Time: 00:02:21

Health: -1/11      AC:  1    Str:  4    XL:     2   Next: 72%
Magic:  15/15      EV: 17    Int: 16    God:
Gold:   8          SH:  0    Dex: 16    Spells: 5/5 levels left
                                        Lives:  0   Deaths: 0

rFire   . .          .
                       - Unarmed
rCold   . . .        (shield unavailable)
rNeg    . . .        (body armour unavailable)
rPois   .            (helmet unavailable)
rElec   .            (cloak unavailable)
rCorr   .            (gloves unavailable)
SInv    +            (boots unavailable)
Will    .....        (no amulet)
Stlth   +++          c - ring of magical power
HPRegen 0.21/turn    (no ring)
MPRegen 0.14/turn

%: no passive effects
@: quick
A: very small, claws 1, fangs 3, see invisible, speed 1, shaggy fur 1, stealthy
paws, no weapons or thrown items, no armour, multi-lived
a: no special abilities


You were on level 1 of the Dungeon.
You visited 1 branch of the dungeon, and saw 1 of its levels.

You collected 8 gold pieces.

Inventory:

Jewellery
 c - a ring of magical power (left paw)
Scrolls
 e - a scroll of fog {unknown}
Potions
 a - 2 potions of invisibility
 b - a potion of resistance {unknown}
 d - a potion of curing {unknown}


   Skills:
 - Level 2.6 Dodging
 + Level 5.6 Stealth
 - Level 1.0 Unarmed Combat
 - Level 2.0 Spellcasting
 - Level 4.4 Hexes


You had 5 spell levels left.
You didn't know any spells.
Your spell library contained the following spells:

 Spells                   Type           Power      Damage    Failure   Level
 Confusing Touch          Hex            15%        N/A       11%         3
 Tukima's Dance           Hex            15%        N/A       11%         3
 Ensorcelled Hibernation  Hex/Ice        16%        N/A       13%         2
 Dazzling Flash           Conj/Hex       16%        N/A       26%         3


Dungeon Overview and Level Annotations

Branches:
Dungeon (1/15)

Altars:

Shops:
D:1 :


Innate Abilities, Weirdness & Mutations

You have sharp claws.
You have razor-sharp teeth.
You have supernaturally acute eyesight. (SInv)
You cover ground quickly. (Speed+)
You are covered in fur. (AC +1)
Your paws help you pounce on unaware monsters.
You are incapable of wielding weapons or throwing items.
You cannot wear armour.
You gain extra lives every three experience levels.


Message History

The floor.
You scratch the hobgoblin but do no damage.
You scratch the hobgoblin but do no damage.
You bite the hobgoblin, but do no damage.
The hobgoblin misses you.
You completely miss the hobgoblin. The hobgoblin barely misses you.
You closely miss the hobgoblin. The hobgoblin closely misses you.
You barely miss the hobgoblin. The hobgoblin barely misses you.
You scratch the hobgoblin. Your claw misses the hobgoblin.
The hobgoblin is lightly wounded.
The hobgoblin completely misses you.
You scratch the hobgoblin.
The hobgoblin is almost dead.
The hobgoblin barely misses you.
You scratch the hobgoblin.
You kill the hobgoblin!
You completely miss the goblin. Your claw misses the goblin.
The goblin misses you.
Press: ? - help, v - describe, . - travel The floor.
Unknown command.
You scratch the goblin.
The goblin is moderately wounded.
The goblin hits you with a +0 dagger.
You take 1 damage, and have 6/11 hp.
You scratch the goblin but do no damage.
The goblin is moderately wounded.
The goblin hits you with a +0 dagger.
* * * LOW HITPOINT WARNING * * *
You take 3 damage, and have 3/11 hp.
MASSIVE DAMAGE!!
You barely miss the goblin. The goblin closely misses you.
You barely miss the goblin. The goblin closely misses you.
You scratch the goblin. Your bite misses the goblin.
The goblin is heavily wounded.
The goblin hits you with a +0 dagger.
* * * LOW HITPOINT WARNING * * *
You take 4 damage, and have 2/11 hp.
MASSIVE DAMAGE!!
The hobgoblin shouts!
The hobgoblin hits you.
You die...

#.#.###.#..##..#.#......####...
#.#...#.#..##..#†#....#########
#.#.#.#.#...#....#.............
#.........#.#..###.............
#####.#.......#....#..########'##
......#.........##.#..####.......
########....######g#..##...⌠.....
#...........#.####.#..#..⌠...#'#.
#.#######.#.#..g@..#..'.....##<##
#...#.######..'.....##>## #####.#
#..#..)...#+#. #g# #..##...).....
#.# #..####....... #g# #..#
#####+## #)# #... ......).).# #..
.........∩...


You could see a hobgoblin.

Vanquished Creatures
  2 dart slugs (D:1)
  2 ball pythons (D:1)
  An endoplasm (D:1)
  4 goblins (D:1)
  2 hobgoblins (D:1)
  2 jackals (D:1)
  2 frilled lizards (D:1)
  A rat (D:1)
16 creatures vanquished.

Notes
Turn   | Place    | Note
-------+----------+-------------------------------------------
     0 | D:1      | KyoPewz the Felid Enchanter began the quest for the Orb.
     0 | D:1      | Reached XP level 1. HP: 7/7 MP: 4/4
   320 | D:1      | Reached skill level 5 in Stealth
   320 | D:1      | Reached XP level 2. HP: 11/11 MP: 6/6
   478 | D:1      | Found Yraumurr's Book Shop.
   545 | D:1      | Slain by a hobgoblin

Illustrated notes

Levels and vault maps discovered:
D:1:      dpeg_arrival_refuge, layout_basic, dreamdust_ecumenical_altar_grove,
          serial_shops, shop, minmay_tromino_v2

Skill      XL: |  1 |
---------------+----+-----
Stealth        | 5 |  5.6
Dodging        | |  2.6
Unarmed Combat | |  1.0
Spellcasting   | |  2.0
Hexes          | |  4.4

Action                     || total
---------------------------++-------
  Melee: Unarmed           ||    55
         Bite              ||    10
   Stab: Sleeping          ||     3
 Armour: Skin              ||     2
  Dodge: Dodged            ||    28
